 Dungeon Crawl Stone Soup version 0.24-a0-583-g87330a484a (webtiles) character file.

Game seed: 5025830070141043076, levelgen mode: deterministic

357 Gynju the Chopper (level 6, -5/47 HPs)
             Began as a Formicid Fighter on Aug 28, 2019.
             Killed by divine providence
             ... invoked by an orc priest
              (12 damage)
             ... on level 4 of the Dungeon.
             The game lasted 00:12:08 (3008 turns).

Gynju the Chopper (Formicid Fighter)                Turns: 3008, Time: 00:12:08

Health: -5/47      AC: 13    Str: 22    XL:     6   Next: 96%
Magic:  6/6        EV:  4    Int:  8    God:
Gold:   165        SH:  9    Dex: 10    Spells: 5/5 levels left

rFire    . . .     SeeInvis +   a - +0 war axe
rCold    . . .     Gourm    .   c - +0 shield
rNeg     . . .     Faith    .   w - +0 plate armour
rPois    .         Spirit   .   (helmet unavailable)
rElec    .         Reflect  .   (no cloak)
rCorr    .         Harm     .   p - +1 pair of gloves
MR       .....                  (no boots)
Stlth    ..........             (no amulet)
HPRegen  0.15/turn              (no ring)
MPRegen  0.10/turn              (no ring)

@: no status effects
A: permanent stasis, dig shafts and tunnels, four strong arms, antennae 3
a: Dig, Shaft Self


You were on level 4 of the Dungeon.
You were not hungry.

You visited 1 branch of the dungeon, and saw 4 of its levels.

You collected 165 gold pieces.

Inventory:

Hand Weapons
 a - a +0 war axe (weapon)
Missiles
 r - 2 silver javelins (quivered)
Armour
 c - a +0 shield (worn)
 j - a +3 leather armour
 p - a +1 pair of gloves (worn)
 w - a +0 plate armour (worn)
Wands
 v - a wand of random effects (11)
Scrolls
 g - 4 scrolls of remove curse
 i - 2 scrolls of fog
 m - a scroll of blinking
 s - 2 scrolls of random uselessness
 t - a scroll of enchant weapon
Potions
 b - a potion of cancellation
 d - a potion of might
 k - 2 potions of resistance
 o - a potion of brilliance
 u - a potion of lignification
Comestibles
 f - 7 rations
 h - 2 chunks of flesh


   Skills:
 - Level 3.2 Fighting
 + Level 6.9 Axes
 - Level 3.2 Armour
 - Level 3.6 Shields


You had 5 spell levels left.
You didn't know any spells.
Your spell library was empty.

Dungeon Overview and Level Annotations

Branches:
Dungeon (4/15)
 Temple: D:4-7

Altars:
Elyvilon
Gozag
Kikubaaqudgha
Makhleb
Qazlal
Zin
The Shining One

Shops:
D:3 *


Innate Abilities, Weirdness & Mutations

You cannot be hasted, slowed, berserked, paralysed or teleported.
You can dig through walls and to a lower floor.
Your four strong arms can wield two-handed weapons with a shield.
You have a pair of large antennae on your head. (SInv)


Message History

You kill the orc!
The orc priest barely misses you.
You slash the orc priest!
The orc priest is severely wounded.
The orc priest invokes the aid of Beogh against you.
Beogh smites you!
You are too injured to fight recklessly!
You are too injured to fight recklessly!
You are too injured to fight recklessly!
You are too injured to fight recklessly!
You are too injured to fight recklessly!
You are too injured to fight recklessly!
You are too injured to fight recklessly!
The orc priest invokes the aid of Beogh against you.
Beogh smites you!
* * * LOW HITPOINT WARNING * * *
The orc priest looks satisfied for a moment.
The orc priest calls down the wrath of Beogh upon you.
Beogh smites you!
You die...

,,.,,,,+,,...................>...
,,..,,,****###.#....[.###.#.##...
,,...,,* #.#......# #.#.##...
,,....,* ###.#......# #........
,,.....** #.o....รท...###'###.###
,,....{{####.#................###
,,.....{{{{{.##..##......<.......
**#...o{#######.###..........####
,,.....{{** #.@##..<.......# **
,,....,,,{** ##.##..........# *,
,,...,,,,,,** #..#..........# *,
,,..,,,,,,,,** ##.#..........# *,
,,.,,,,,,,,,,** *........##### *,
,,,,,,,,,,,,,,* *#....#.#*******,
,,,,,,,,,,,,,,* *.#+*,,,,,,,,,,,
,,,,,,,,,,,,,,* *..,*,,<,,,****,
,,,,,,,,,,,,,,* **,,*,,,,,,* *,


You could see an orc priest.

Vanquished Creatures
  A scorpion (D:2)
  A howler monkey (D:3)
  An orc wizard (D:3)
  A jelly (D:3)
  An orc priest (D:3)
  Robin (D:3)
  3 adders
  3 gnolls (D:2)
  4 oozes
  5 leopard geckos
  10 orcs
  7 giant cockroaches
  16 goblins
  4 hobgoblins
  5 kobolds
  2 ball pythons
  11 bats
  7 frilled lizards
  7 rats
90 creatures vanquished.

Notes
Turn   | Place    | Note
-------+----------+-------------------------------------------
     0 | D:1      | Gynju the Formicid Fighter began the quest for the Orb.
     0 | D:1      | Reached XP level 1. HP: 18/18 MP: 1/1
   187 | D:1      | Reached XP level 2. HP: 24/24 MP: 2/2
   269 | D:1      | Reached skill level 3 in Axes
   338 | D:1      | Reached XP level 3. HP: 29/29 MP: 3/3
   981 | D:2      | Noticed a scorpion
   985 | D:2      | Killed a scorpion
   985 | D:2      | Reached skill level 4 in Axes
   985 | D:2      | Reached XP level 4. HP: 35/35 MP: 4/4
  1132 | D:2      | Found a glowing silver altar of Zin.
  1132 | D:2      | Found a burning altar of Makhleb.
  1133 | D:2      | Noticed a blizzard demon
  1133 | D:2      | Noticed an angel
  1539 | D:2      | Reached XP level 5. HP: 37/41 MP: 5/5
  1600 | D:2      | Found a white marble altar of Elyvilon.
  1630 | D:2      | Found an ancient bone altar of Kikubaaqudgha.
  1841 | D:2      | Reached skill level 5 in Axes
  2106 | D:3      | Reached skill level 6 in Axes
  2106 | D:3      | Reached XP level 6. HP: 43/47 MP: 6/6
  2164 | D:3      | Found a glowing golden altar of the Shining One.
  2243 | D:3      | Found Gozag's Platinum Reserve.
  2243 | D:3      | Found an opulent altar of Gozag.
  2418 | D:3      | Noticed Robin
  2441 | D:3      | Killed Robin
  2608 | D:3      | Found a stormy altar of Qazlal.
  3008 | D:4      | Killed from afar by an orc priest

Levels and vault maps discovered:
D:1:      dpeg_arrival_rooms_with_view, layout_loops_ring
D:2:      layout_basic, old_standard_altar, kiku_gazebo_garden_becter,
          grunt_temple_overflow_order_and_chaos_2, first_ration
D:3:      layout_basic, old_standard_altar, tso_metal_star,
          nicolae_gozag_zags_fifth_avenue, uniq_robin
D:4:      layout_basic, lemuel_round_altar

Skill      XL: |  1  2  3  4  5 |
---------------+----------------+-----
Axes           | 3 4 6 |  6.9
Fighting       | |  3.2
Armour         | |  3.2
Shields        | |  3.6

Action                   |  1- 3 |  4- 6 || total
-------------------------+-------+-------++-------
Melee: War axe           |    94 |   169 ||   263
  Use: Scroll            |       |    14 ||    14
  Eat: Chunk             |       |     7 ||     7
Armor: Scale mail        |    20 |       ||    20
       Leather armour    |    17 |    33 ||    50
       Plate armour      |       |    39 ||    39
Dodge: Dodged            |    34 |    38 ||    72
Block: Shield            |    54 |    81 ||   135

Table legend:
 A = Non-vault XP
 B = Vault XP
 C = Vault XP percentage of total XP
 D = Non-vault monster count
 E = Vault monster count
 F = Vault count percentage of total count
                 A         B        C        D         E       F
            +---------+---------+-------+---------+---------+-------
      Total |     470 |      41 |   8.0 |      77 |      13 |  14.4
            +---------+---------+-------+---------+---------+-------
        D:1 |      44 |       9 |  17.0 |      21 |       2 |   8.7
        D:2 |     146 |       0 |   0.0 |      17 |       0 |   0.0
        D:3 |     244 |      32 |  11.6 |      34 |      11 |  24.4
        D:4 |      36 |       0 |   0.0 |       5 |       0 |   0.0
            +---------+---------+-------+---------+---------+-------
